 Dungeon Crawl Stone Soup version 0.13-a0-2688-gfd9909a (webtiles) character file.

196 4tharraofdagon the Firebug (level 4, 0/27 HPs)
             Began as a High Elf Fire Elementalist on Aug 14, 2013.
             Was an Initiate of Sif Muna.
             Slain by a centaur (9 damage)
             ... on Level 6 of the Dungeon.
             The game lasted 00:06:09 (1079 turns).

4tharraofdagon the Firebug (HEFE)                   Turns: 1079, Time: 00:06:09

HP   0/27        AC  4     Str  7      XL: 4   Next: 28%
MP   4/11        EV 10     Int 19      God: Sif Muna [......]
Gold 109         SH  0     Dex 16      Spells:  2 memorised,  3 levels left

Res.Fire  : . . .   See Invis. : +   o - staff of air (curse)
Res.Cold  : . . .   Warding    : .   j - +0 leather armour
Life Prot.: . . .   Conserve   : .   (no shield)
Res.Poison: .       Res.Corr.  : .   (no helmet)
Res.Elec. : +       Clarity    : .   (no cloak)
Sust.Abil.: . .     Spirit.Shd : .   (no gloves)
Res.Mut.  : .       Stasis     : .   n - +0 pair of boots
Res.Rott. : .       Flight     : .   (no amulet)
Saprovore : . . .                    (no ring)
                                     s - ring of see invisible {unknown}

@: slightly resistant to hostile enchantments, fairly stealthy
A: no striking features
a: Renounce Religion


You were on level 6 of the Dungeon.
You worshipped Sif Muna.
Sif Muna was noncommittal.
You were hungry.

You visited 2 branches of the dungeon, and saw 7 of its levels.

You collected 89 gold pieces.

Inventory:

Hand weapons
 d - a +0,+0 falchion
 i - a -1,+0 dagger (quivered)
Armour
 a - a +0 elven robe
 j - a +0 leather armour (worn)
 n - a +0 pair of boots (worn)
Comestibles
 c - 3 bread rations
 g - 2 meat rations
 p - a choko
 r - a chunk of jackal flesh
Scrolls
 e - 2 scrolls of noise
 f - a scroll of random uselessness {unknown}
 h - a scroll of enchant weapon II {unknown}
 q - a scroll of blinking {unknown}
Jewellery
 s - a ring of see invisible (left hand) {unknown}
Potions
 k - a potion of speed {unknown}
 l - a potion of brilliance {unknown}
 m - 2 potions of curing {unknown}
Books
 b - a book of Flames

   Spells                             Type                      Level
   *Flame Tongue                      Conjuration/Fire             1
   Throw Flame                        Conjuration/Fire             2
   *Conjure Flame                     Conjuration/Fire             3
   Inner Flame                        Hexes/Fire                   3
   Sticky Flame                       Conjuration/Fire             4
   Fireball                           Conjuration/Fire             5
Magical staves
 o - a cursed staff of air (weapon)


   Skills:
 - Level 2.1 Dodging
 - Level 2.1 Stealth
 + Level 2.2 Spellcasting
 * Level 3.0 Conjurations
 * Level 3.9 Fire Magic


You had 3 spell levels left.
You knew the following spells:

 Your Spells              Type           Power        Failure   Level  Hunger
a - Flame Tongue          Conj/Fire      ###..        4%          1    #......
b - Conjure Flame         Conj/Fire      ###.....     12%         3    ###....


Dungeon Overview and Level Annotations

Branches:
Dungeon (6/27)             Temple (1/1) D:5
    Orc: D:6-11

Altars:
Elyvilon
Nemelex Xobeh
Sif Muna
Trog
Vehumet
Xom
Yredelemnul

Shops:
D:4: *


Message History

Aim: a quokka The flame hits the centaur.
The centaur appears unharmed.
The centaur is severely wounded.
The centaur barely misses you. The centaur closely misses you.
Casting: Flame Tongue
Confirm with . or Enter, or press ? or * to list all spells.
Aiming: Flame Tongue
Press: ? - help, Shift-Dir - straight line, f/p - quokka
Aim: a quokka The flame hits the centaur.
The centaur is severely wounded.
The centaur hits you.
Casting: Flame Tongue
Confirm with . or Enter, or press ? or * to list all spells.
Aiming: Flame Tongue
Press: ? - help, Shift-Dir - straight line, f/p - quokka
Aim: a quokka The flame misses the centaur.
The flame misses the quokka.
The centaur misses you. The centaur hits you!
You die...

#.......#
##......#
#......#
#......#
#......#
#......#
#......#
#.######.#####
#.....@.....#
#.###c#####.#
#r # #. #. #.
.. #. .


You could see a centaur and a quokka.

Vanquished Creatures
  A hound (D:5)
  An adder (D:2)
  A gnoll (D:3)
  A worm (D:2)
  A giant eyeball (D:5)
  2 orcs
  5 bats
  A giant cockroach (D:3)
  2 hobgoblins
  2 jackals (D:5)
  2 kobolds (D:3)
  A quokka (D:3)
  9 goblins
  3 rats
32 creatures vanquished.

Notes
Turn   | Place    | Note
--------------------------------------------------------------
     0 | D:1      | 4tharraofdagon, the High Elf Fire Elementalist, began the quest for the Orb.
     0 | D:1      | Reached XP level 1. HP: 11/11 MP: 4/4
    43 | D:2      | Reached XP level 2. HP: 17/17 MP: 3/5
   361 | D:3      | Reached XP level 3. HP: 9/21 MP: 8/8
   366 | D:3      | Learned a level 3 spell: Conjure Flame
   619 | D:5      | Entered Level 5 of the Dungeon
   678 | D:6      | Noticed an ice beast
   729 | D:5      | Found a staircase to the Ecumenical Temple.
   734 | D:5      | Paralysed by a giant eyeball for 2 turns
   741 | D:5      | Paralysed by a giant eyeball for 4 turns
   750 | Temple   | Entered the Ecumenical Temple
   753 | Temple   | Became a worshipper of Sif Muna the Loreminder
   837 | D:4      | Found Ciamut's General Store.
   873 | D:5      | Reached XP level 4. HP: 18/27 MP: 8/11
  1053 | D:6      | Noticed a centaur
  1079 | D:6      | Slain by a centaur

Action                   |  1- 3 |  4- 6 || total
-------------------------+-------+-------++-------
Melee: Falchion          |    21 |       ||    21
       Dagger            |     8 |       ||     8
       Staff             |     4 |       ||     4
 Cast: Flame Tongue      |    39 |    17 ||    56
       Conjure Flame     |       |     1 ||     1
  Use: Scroll            |     2 |       ||     2
 Stab: Sleeping          |     2 |       ||     2
